Map: Deathaura LE

Players

MarineLorD - Winner!

  • Race: Terran Terran
  • League: Master
  • Spawn Location: 5:00

Kas

  • Race: Terran Terran
  • League: Grandmaster
  • Spawn Location: 11:00

Event: DreamHack SC2 Masters 2020 Fall

VOD

Have the link to the VOD?

Description

Time

  • Played on: Sept. 5, 2020, 1:45 p.m.
  • Length: 18:38

All games in this series

Show
View Real Time Build Order
Export as new Build Order

MarineLorD Terran - Winner!

Build Orders: Reaper Expand 

Get SALT Encoding   

  12  0:00  SCV  
  13  0:12  SCV  
  14  0:16  Supply Depot  
  14  0:24  SCV  
  15  0:38  SCV, Barracks  
  15  0:42  Refinery  
  16  0:50  SCV  
  17  1:02  SCV  
  18  1:14  SCV  
  19  1:26  Reaper, Orbital Command  
  20  1:44  Command Center  
  20  1:52  SCV, Supply Depot  
  21  2:00  Bunker  
  21  2:02  Marine  
  21  2:07  SCV  
  23  2:17  Factory  
  23  2:20  Marine  
  23  2:21  SCV  
  25  2:34  SCV  
  26  2:38  Barracks Reactor  
  26  2:47  SCV, Refinery  
  26  2:56  Orbital Command  
  26  2:59  SCV  
  26  3:00  Starport  
  26  3:01  Hellion  
  29  3:11  SCV  
  30  3:14  Marine x2  
  32  3:22  SCV  
  32  3:24  SCV, Factory Tech Lab  
  34  3:27  Supply Depot  
  34  3:31  Marine  
  34  3:32  Marine  
  34  3:34  Orbital Command  
  36  3:36  Viking  
  36  3:37  SCV  
  39  3:42  Cyclone  
  39  3:48  Supply Depot  
  42  3:49  Marine x2  
  42  3:54  SCV  
  45  4:01  SCV  
  46  4:04  Refinery  
  46  4:06  SCV  
  46  4:09  Marine  
  46  4:10  Marine  
  46  4:13  SCV  
  48  4:18  SCV  
  46  4:24  Siege Tank  
  46  4:25  SCV, Starport Tech Lab  
  46  4:27  Marine x2  
  46  4:30  SCV  
  51  4:37  SCV  
  52  4:43  SCV  
  56  4:45  Raven  
  56  4:46  Refinery  
  56  4:49  SCV  
  56  4:55  SCV  
  57  5:00  Marine x2  
  57  5:01  SCV  
  59  5:07  SCV  
  59  5:14  SCV  
  61  5:19  SCV  
  62  5:22  Command Center  
  62  5:23  Supply Depot  
  62  5:25  Marine x2, Siege Tank  
  62  5:26  SCV  
  68  5:31  Supply Depot  
  68  5:34  Raven  
  70  5:43  Supply Depot  
  70  5:44  SCV x2  
  70  5:49  Supply Depot  
  72  5:50  Marine x2  
  72  5:51  Barracks  
  72  5:53  Barracks  
  72  5:56  SCV x2  
  76  5:59  Siege Tank  
  79  6:10  SCV  
  79  6:11  SCV  
  81  6:13  Engineering Bay x2  
  81  6:23  SCV x2  
  83  6:30  Stimpack, Marine  
  83  6:31  Viking  
  83  6:32  Viking  
  88  6:35  SCV x2  
  90  6:40  Terran Infantry Weapons Level 1, Terran Infantry Armor Level 1  
  90  6:41  Barracks Reactor x2  
  90  6:47  SCV  
  90  6:48  SCV  
  90  6:59  SCV  
  90  7:00  SCV, Orbital Command  
  90  7:01  Viking  
  92  7:05  Marine  
  92  7:06  Viking  
  97  7:11  Siege Tank  
  97  7:12  SCV  
  101  7:17  SCV  
  101  7:19  Marine x4  
  106  7:23  Supply Depot  
  106  7:24  SCV  
  106  7:25  Supply Depot  
  106  7:27  SCV  
  106  7:29  SCV  
  109  7:30  Marine  
  109  7:35  Supply Depot  
  109  7:36  SCV  
  111  7:37  Supply Depot, Marine  
  111  7:39  SCV  
  111  7:40  Viking x2  
  117  7:44  Marine x2  
  117  7:45  Siege Tank  
  117  7:47  SCV  
  117  7:48  SCV  
  117  7:49  Refinery  
  117  7:50  Refinery  
  124  7:57  Marine  
  125  7:58  Marine  
  125  7:59  Marine  
  125  8:00  Armory  
  125  8:02  Marine x2  
  129  8:10  Combat Shield  
  129  8:11  SCV x2  
  110  8:14  SCV  
  110  8:15  Marine  
  110  8:16  Marine x2  
  96  8:20  Marine x2  
  96  8:23  SCV x2  
  96  8:26  SCV  
  95  8:33  Marine  
  78  8:34  Marine x2  
  78  8:35  SCV x2  
  78  8:37  Marine  
  78  8:38  SCV, Marine  
  83  8:42  Siege Tank  
  83  8:47  SCV x2, Terran Infantry Weapons Level 2  
  88  8:50  SCV, Terran Infantry Armor Level 2, Marine  
  88  8:52  Marine x2  
  88  8:53  Medivac x2  
  96  8:55  Marine  
  96  8:56  Marine  
  96  8:59  SCV x2  
  96  9:02  SCV  
  101  9:03  Sensor Tower  
  101  9:08  Marine  
  102  9:10  Marine x2  
  102  9:11  SCV x2  
  102  9:13  Marine  
  102  9:14  SCV  
  102  9:16  Barracks, Siege Tank  
  111  9:18  Barracks  
  111  9:23  SCV  
  111  9:24  SCV  
  113  9:26  SCV, Medivac x2  
  113  9:27  Marine x2  
  120  9:35  Marine x2  
  120  9:36  SCV x2, Command Center  
  124  9:39  Supply Depot  
  124  9:42  Factory  
  124  9:45  Marine  
  125  9:46  Barracks Reactor, Marine  
  125  9:49  Siege Tank  
  129  9:53  Marine x2  
  129  9:54  Supply Depot x2  
  129  9:56  Medivac  
  129  9:57  Medivac  
  135  10:00  SCV  
  135  10:03  Marine  
  135  10:04  Marine  
  138  10:07  Marine  
  138  10:08  Barracks Reactor  
  138  10:11  Marine  
  138  10:12  SCV  
  140  10:16  Marine  
  140  10:20  Marine  
  140  10:21  Marine, Siege Tank  
  143  10:22  Marine x2  
  143  10:25  Marine  
  143  10:26  SCV x2  
  143  10:29  Marine  
  143  10:31  SCV  
  143  10:34  Marine  
  143  10:35  Siege Tank  
  148  10:38  SCV x2, Marine  
  148  10:39  Marine  
  148  10:40  Marine x2  
  154  10:45  Marine x2  
  154  10:46  Marine  
  157  10:52  Marine  
  157  10:53  Siege Tank  
  157  10:56  Marine  
  162  10:57  Marine x3  
  162  10:59  Barracks Reactor  
  162  11:03  Marine x2  
  166  11:04  Marine  
  166  11:07  Siege Tank  
  166  11:10  Marine  
  168  11:14  Marine  
  168  11:15  Marine x3  
  171  11:21  Planetary Fortress, Marine x2  
  171  11:22  Marine  
  171  11:25  Terran Infantry Weapons Level 3, Siege Tank  
  177  11:26  SCV  
  177  11:27  Marine  
  177  11:32  Marine  
  180  11:33  Marine x3  
  180  11:35  Marine  
  180  11:36  Sensor Tower  
  180  11:39  Marine x2  
  182  11:40  Marine  
  182  11:41  Marine  
  182  11:45  Marine  
  156  11:49  Marine  
  156  11:51  Marine  
  156  11:52  Marine  
  156  11:53  Medivac x2  
  165  11:54  Siege Tank  
  165  11:56  Marine  
  165  11:57  Siege Tank  
  172  12:05  Marine  
  172  12:07  Supply Depot, Command Center  
  171  12:08  Terran Infantry Armor Level 3  
  171  12:09  Terran Vehicle Weapons Level 1  
  171  12:10  Supply Depot, Marine  
  171  12:20  Marine x3  
  171  12:21  Marine  
  173  12:24  Marine  
  173  12:25  Viking x2  
  173  12:33  Starport  
  173  12:35  Starport  
  173  12:37  Marine  
  173  12:38  Marine  
  173  12:44  Marine x3  
  169  12:46  Marine x2  
  169  12:47  Marine x3  
  162  12:55  Marine x2, Siege Tank  
  167  13:01  Marine  
  167  13:02  Marine x2  
  167  13:04  Marine x2  
  167  13:05  Marine x3  
  175  13:06  Refinery, Command Center  
  175  13:07  Refinery  
  175  13:09  Siege Tank  
  175  13:12  Fusion Core  
  178  13:13  Marine x2  
  178  13:19  Marine  
  161  13:20  Marine x2  
  161  13:21  Marine  
  161  13:23  Marine  
  161  13:26  Marine  
  158  13:30  Marine x2  
  158  13:32  Marine, Siege Tank  
  152  13:35  Viking x2, Marine  
  152  13:37  Marine  
  152  13:38  Marine x2  
  152  13:39  Starport Reactor x2  
  147  13:43  Siege Tank  
  147  13:44  Marine x2  
  152  13:50  Planetary Fortress  
  152  13:52  Missile Turret, Marine  
  152  13:55  Marine x2  
  155  14:02  Marine x3  
  157  14:04  Marine, Siege Tank  
  163  14:10  Viking  
  163  14:11  Marine x2  
  163  14:14  Marine x2  
  169  14:20  Orbital Command  
  169  14:22  Sensor Tower  
  169  14:25  Marine x2  
  169  14:29  Siege Tank  
  174  14:32  Liberator  
  174  14:33  Advanced Ballistics  
  174  14:36  Viking  
  174  14:37  Viking  
  180  14:41  Viking  
  179  14:47  Marine  
  159  14:53  Viking x2  
  159  14:57  Marine x5  
  159  14:58  Marine  
  159  14:59  Marine  
  170  15:00  Marine x2  
  170  15:05  Marine  
  170  15:06  Viking  
  175  15:09  Siege Tank  
  175  15:11  Viking  
  180  15:14  Marine x2  
  180  15:15  Marine  
  180  15:17  Viking x2  
  187  15:23  Viking, Refinery x2  
  187  15:26  Marine x4  
  193  15:31  Viking  
  193  15:33  Terran Ship Weapons Level 1  
  198  15:45  Missile Turret  
  195  15:50  Siege Tank  
  195  15:56  Marine x2  
  200  16:02  Viking  
  199  16:07  Missile Turret  
  199  16:13  Barracks  
  199  16:14  Barracks  
  199  16:15  Barracks  
  198  16:29  Marine  
  186  16:33  Marine x5  
  186  16:34  Marine  
  186  16:35  Marine  
  186  16:38  Marine x2  
  192  16:42  Siege Tank x2  
  192  16:46  Marine  
  156  16:47  Viking  
  156  16:48  Viking, Liberator x4  
  156  16:51  Marine x5  
  156  16:52  Marine x2  
  160  16:56  Marine x2  
  145  17:04  Marine  
  139  17:09  Marine x5  
  139  17:10  Marine x2  
  139  17:14  Barracks Reactor x2, Marine  
  148  17:15  Barracks Reactor  
  148  17:20  Orbital Command  
  148  17:22  Marine, Siege Tank  
  152  17:26  Marine  
  152  17:27  Marine  
  152  17:32  Marine  
  159  17:37  Marine  
  159  17:38  Marine  
  159  17:39  Marine  
  164  17:48  Siege Tank  
  164  17:49  SCV x3  
  160  17:54  Command Center, Siege Tank  
  160  17:57  Marine  
  164  18:01  Marine x2  
  164  18:02  Marine x4  
  170  18:10  Marine x2  
  170  18:12  Marine x2  
Show
View Real Time Build Order
Export as new Build Order

Kas Terran 

Build Orders: 1/1/1 

Get SALT Encoding   

  12  0:00  SCV  
  13  0:12  SCV  
  14  0:16  Supply Depot  
  14  0:24  SCV  
  15  0:29  Refinery  
  15  0:38  SCV  
  16  0:45  Barracks  
  16  0:50  SCV  
  16  0:56  Refinery  
  17  1:02  SCV  
  18  1:14  SCV  
  19  1:32  Orbital Command  
  19  1:33  Factory  
  19  1:35  Barracks Reactor  
  19  1:45  Supply Depot  
  19  1:58  SCV  
  20  2:10  SCV  
  20  2:12  Reaper x2  
  23  2:17  Starport  
  23  2:19  Hellion  
  23  2:22  SCV  
  26  2:28  Supply Depot  
  26  2:34  SCV  
  29  2:45  Marine x2  
  29  2:50  SCV  
  29  2:51  Factory Tech Lab  
  30  2:54  Medivac  
  32  3:07  Supply Depot  
  32  3:10  Cyclone  
  32  3:11  Marine x2  
  37  3:13  SCV  
  38  3:31  Command Center  
  38  3:33  SCV  
  39  3:39  Marine  
  39  3:40  Marine  
  41  3:45  Raven  
  41  3:46  SCV  
  44  3:51  Supply Depot  
  44  3:58  SCV  
  44  3:59  Marine x2  
  44  4:00  Factory Tech Lab  
  47  4:13  SCV  
  47  4:23  Marine x2, Siege Tank  
  47  4:25  SCV  
  45  4:36  Raven  
  45  4:37  SCV  
  47  4:41  Marine x2  
  49  4:47  Orbital Command, Refinery  
  49  4:50  SCV  
  50  5:03  SCV, Marine  
  50  5:04  Marine  
  53  5:07  Siege Tank  
  53  5:13  SCV  
  55  5:15  SCV  
  56  5:25  SCV  
  56  5:27  SCV  
  58  5:29  Command Center  
  58  5:35  Viking  
  58  5:36  Viking  
  58  5:39  SCV  
  63  5:44  Marine, Siege Tank  
  63  5:46  Supply Depot  
  67  5:52  SCV x2  
  69  6:00  Supply Depot  
  69  6:04  SCV, Supply Depot  
  68  6:06  Marine  
  68  6:08  Viking x2  
  68  6:09  Stimpack  
  74  6:15  SCV  
  75  6:18  Supply Depot  
  75  6:19  SCV, Supply Depot  
  75  6:24  Siege Tank  
  79  6:27  SCV  
  79  6:29  Refinery  
  79  6:31  Marine  
  79  6:32  SCV  
  82  6:40  Viking  
  82  6:43  Orbital Command  
  84  6:50  SCV x2  
  84  6:57  Marine, Siege Tank  
  84  7:01  Engineering Bay  
  88  7:02  SCV x2, Engineering Bay, Orbital Command  
  88  7:07  Viking  
  93  7:10  Viking  
  93  7:14  SCV  
  95  7:16  Marine  
  95  7:17  Barracks  
  95  7:18  Barracks  
  96  7:26  SCV  
  96  7:28  Terran Infantry Weapons Level 1, Terran Infantry Armor Level 1  
  97  7:30  SCV x2  
  97  7:36  Siege Tank  
  102  7:37  Supply Depot, Marine  
  102  7:38  SCV, Supply Depot  
  102  7:42  Viking  
  106  7:46  SCV  
  106  7:47  SCV  
  106  7:49  Viking  
  106  7:50  SCV  
  111  7:58  Combat Shield, Marine  
  112  7:59  Barracks  
  112  8:00  Barracks  
  98  8:17  SCV  
  94  8:23  Barracks Reactor x2, Siege Tank  
  95  8:32  SCV  
  80  8:36  Marine  
  80  8:37  Medivac  
  80  8:40  SCV x2  
  80  8:44  SCV  
  80  8:47  Armory  
  79  8:49  Barracks Reactor, Refinery  
  79  8:50  Barracks Reactor, Refinery  
  79  8:52  SCV x2, Supply Depot x2  
  79  8:54  Marine  
  82  8:56  SCV  
  82  8:57  Missile Turret  
  82  8:58  Missile Turret, Siege Tank  
  86  9:03  Marine x4  
  86  9:04  SCV x2  
  86  9:08  SCV, Medivac  
  95  9:11  Marine  
  95  9:15  Command Center  
  96  9:17  SCV  
  96  9:21  Marine x4  
  96  9:22  Medivac  
  96  9:23  SCV x2  
  105  9:26  Marine x2  
  105  9:27  Marine  
  105  9:28  Supply Depot, Marine  
  105  9:29  Marine  
  110  9:38  Marine, Siege Tank  
  110  9:39  Marine x3  
  110  9:43  Supply Depot  
  110  9:44  Marine x3  
  119  9:45  Marine  
  119  9:47  Marine  
  119  9:48  Medivac  
  119  9:50  Sensor Tower  
  123  9:56  Marine x2  
  123  9:57  Marine x2  
  123  9:58  Medivac  
  129  10:00  SCV x3  
  129  10:02  Marine x3  
  129  10:03  Marine  
  129  10:05  Marine  
  136  10:11  Terran Infantry Weapons Level 2  
  136  10:12  SCV x2, Terran Infantry Armor Level 2  
  137  10:14  Marine x4  
  137  10:20  Marine x3  
  144  10:21  Marine  
  144  10:23  Marine  
  141  10:30  Siege Tank  
  141  10:31  Medivac x2  
  141  10:32  Marine x4  
  141  10:34  SCV  
  152  10:38  Marine x3  
  152  10:39  Marine  
  152  10:40  Marine  
  151  10:50  Marine x4  
  151  10:55  Marine  
  151  10:56  Marine x2  
  155  10:57  Marine  
  155  10:58  Marine  
  157  11:08  Marine x4  
  161  11:12  Siege Tank  
  161  11:13  Medivac x2, Marine x3, Planetary Fortress  
  161  11:14  Marine  
  161  11:16  Marine  
  161  11:18  Refinery  
  173  11:20  Sensor Tower  
  173  11:25  Marine x2  
  173  11:26  Refinery, Marine x2, Sensor Tower  
  173  11:27  SCV  
  173  11:31  Marine x3  
  173  11:32  Terran Vehicle Weapons Level 1, Marine  
  181  11:34  Marine  
  181  11:37  Supply Depot  
  181  11:39  SCV  
  174  11:41  Supply Depot  
  174  11:43  Marine x3  
  174  11:44  Marine  
  132  11:48  Siege Tank  
  132  11:49  Marine x3  
  132  11:50  Marine  
  132  11:52  Marine  
  137  11:54  Factory  
  137  11:56  Medivac x2  
  141  12:01  Marine x4  
  141  12:07  Marine x3  
  141  12:08  Marine  
  148  12:10  Marine  
  150  12:19  Marine x3  
  150  12:20  Siege Tank  
  154  12:23  Marine  
  154  12:24  Marine  
  154  12:25  Marine x2  
  154  12:26  Marine  
  154  12:27  Marine  
  154  12:29  Sensor Tower  
  160  12:33  Viking x2  
  160  12:37  Marine x3  
  162  12:41  Marine  
  162  12:42  Marine x2  
  162  12:43  Marine  
  138  12:52  Siege Tank  
  138  12:53  Marine x2  
  138  12:54  Marine, Factory Tech Lab  
  138  12:55  Marine x2  
  140  12:59  Marine  
  140  13:00  Marine x2  
  140  13:03  Viking x2, Barracks  
  147  13:06  Marine  
  147  13:10  Barracks  
  147  13:11  Marine x2, Barracks  
  150  13:14  Orbital Command  
  145  13:22  Marine x6  
  145  13:23  Marine  
  146  13:28  Marine  
  146  13:29  Marine  
  146  13:33  Viking x2  
  126  13:39  SCV x4, Marine x2  
  126  13:40  Marine x2  
  126  13:41  Terran Infantry Weapons Level 3, Terran Infantry Armor Level 3  
  130  13:42  Marine x3, Siege Tank  
  130  13:43  Siege Tank  
  139  13:51  SCV x2, Barracks Reactor  
  139  13:52  Marine x2  
  139  13:53  SCV x2  
  145  13:57  Marine x4  
  145  13:59  Marine  
  145  14:02  Marine x2  
  150  14:03  SCV, Marine  
  150  14:05  Medivac x2  
  150  14:07  Marine  
  150  14:09  Marine  
  159  14:10  Marine  
  159  14:11  SCV x2  
  159  14:13  SCV  
  159  14:15  Marine x4, Siege Tank  
  171  14:17  Siege Tank  
  171  14:18  Marine  
  171  14:20  Marine  
  176  14:24  Marine x3  
  176  14:27  Marine x2  
  181  14:33  Marine x2  
  181  14:36  Command Center, Marine  
  181  14:37  Marine  
  185  14:41  Marine  
  168  14:53  Marine x10  
  168  14:54  Marine x2, Siege Tank  
  168  14:59  Viking, Marine, Siege Tank  
  189  15:04  Medivac  
  191  15:11  Marine x8  
  199  15:19  Marine  
  200  15:33  Barracks Reactor x2  
  175  16:05  Marine  
  175  16:07  Siege Tank  
  175  16:10  Marine x5  
  137  16:11  Viking x2  
  178  16:12  Siege Tank  
  178  16:13  Marine  
  178  16:14  Marine x4  
  166  16:35  Marine x14  
  177  16:45  Marine  
  162  16:53  Marine  
  158  16:58  Marine  
  140  17:02  Marine x12  
  140  17:03  Marine  
  140  17:06  Planetary Fortress, Medivac x2  
  136  17:10  Marine  
  136  17:12  Siege Tank x2  
  141  17:16  Marine  
  141  17:17  Missile Turret, Command Center  
  141  17:19  Missile Turret  
  141  17:20  Marine x9  
  151  17:26  SCV x4  
  151  17:28  Marine x3  
  151  17:29  Marine x2  
  159  17:33  Marine  
  157  17:37  Marine  
  157  17:38  Marine  
  157  17:40  Medivac x2  
  157  17:42  Marine x6  
  165  17:44  Marine  
  165  17:46  Marine x2  
  168  17:52  Marine x2  
  168  17:53  Marine  

Tags
 
Add a new tag
Caveats
  • Supply blocks, unpowered buildings, or Contaminate may cause inaccurate times.
  • Supply counts are checked every 10 seconds.